Map: Remanso LE

Players

IagoAbreu - Winner!

  • Race: Zerg Zerg
  • League: Gold
  • Spawn Location: 5:00

atos

  • Race: Terran Terran
  • League: Bronze
  • Spawn Location: 11:00

VOD

Have the link to the VOD?

Description

Time

  • Played on: May 10, 2018, 1:34 p.m.
  • Length: 11:47
Show
View Real Time Build Order
Export as new Build Order

IagoAbreu Zerg - Winner!

Build Orders: Pool First 

Get SALT Encoding   

  12  0:01  Drone  
  13  0:08  Drone  
  14  0:17  Overlord  
  14  0:22  Extractor  
  14  0:24  Drone  
  14  0:37  Drone  
  14  0:39  Drone  
  16  0:49  Drone  
  17  0:56  Spawning Pool  
  16  1:03  Drone  
  17  1:06  Drone  
  18  1:18  Drone, Evolution Chamber  
  18  1:29  Drone  
  19  1:40  Overlord  
  19  1:44  Queen  
  21  1:50  Zerg Missile Weapons Level 1  
  21  1:57  Roach Warren  
  21  2:00  Extractor  
  19  2:01  Drone  
  19  2:02  Drone  
  21  2:19  Drone  
  22  2:31  Hatchery  
  21  3:04  Roach x4  
  29  3:11  Overlord  
  29  3:13  Drone  
  30  3:22  Overlord  
  30  3:34  Pneumatized Carapace  
  30  3:44  Roach x3  
  30  3:45  Queen  
  38  3:50  Roach  
  40  4:13  Roach x4  
  40  4:47  Roach x6  
  40  4:50  Overlord  
  52  4:59  Lair  
  52  5:19  Ravager x2  
  54  5:23  Ravager  
  54  5:26  Drone x3  
  54  5:27  Drone x2  
  60  5:43  Extractor  
  60  5:45  Extractor  
  45  5:56  Ravager x2  
  41  6:01  Zergling x2  
  41  6:02  Zergling x10  
  41  6:03  Zergling x6  
  50  6:05  Zergling x2  
  50  6:07  Zergling x2  
  52  6:21  Overlord  
  52  6:24  Overlord  
  52  6:42  Zerg Missile Weapons Level 2  
  52  6:53  Overseer  
  52  6:58  Ravager x3  
  52  6:59  Ravager  
  56  7:02  Roach x2  
  48  7:43  Roach x6  
  55  8:33  Zergling x12  
  49  8:54  Metabolic Boost  
  30  9:43  Spire  
  11  10:43  Overseer  
  10  10:56  Corruptor x6  
  10  10:57  Corruptor  
Show
View Real Time Build Order
Export as new Build Order

atos Terran 

Build Orders:  

Get SALT Encoding   

  12  0:04  SCV  
  13  0:20  Engineering Bay  
  13  0:24  SCV  
  14  0:31  Refinery  
  14  0:36  SCV  
  14  0:42  Refinery  
  15  1:02  Supply Depot  
  15  1:30  Barracks  
  15  1:36  Missile Turret  
  15  1:49  SCV  
  16  2:01  SCV  
  16  2:03  Supply Depot  
  17  2:13  SCV  
  18  2:25  Factory  
  18  2:30  Marine  
  19  2:52  Bunker  
  19  2:53  Barracks Reactor  
  19  3:21  Factory Tech Lab  
  19  3:22  Bunker  
  19  3:23  Orbital Command  
  19  3:30  Terran Infantry Weapons Level 1  
  19  3:36  Marine  
  19  3:37  Marine  
  21  3:48  Siege Tank  
  24  4:19  Marine x2  
  24  4:21  Siege Tank  
  29  4:37  Marine x2  
  31  4:51  Supply Depot  
  31  5:12  Marine x2  
  31  5:13  Siege Tank  
  36  5:14  Supply Depot  
  36  5:36  Supply Depot  
  27  5:59  Marine x2  
  29  6:12  Starport  
  29  6:20  Starport  
  29  6:27  Starport  
  29  6:40  Siege Tank  
  32  7:05  Starport Tech Lab  
  32  7:07  Starport Tech Lab  
  32  7:10  Starport Tech Lab  
  32  7:13  Siege Tank  
  35  7:29  Supply Depot  
  31  7:40  Banshee  
  31  7:43  Banshee  
  32  7:45  Siege Tank  
  8  8:51  SCV  
  9  8:57  Cloaking Field  
  8  9:24  Command Center  
Tags
 
Matchup
TvZ
Opening
Pool First
Spawn Locations
Cross Positions
Add a new tag
Caveats
  • Supply blocks, unpowered buildings, or Contaminate may cause inaccurate times.
  • Supply counts are checked every 10 seconds.